 Dungeon Crawl Stone Soup version 0.28-a0-973-ga7f8b01127 (console) character file.

Game seed: 13665162213926578371

98 petzl the Vexing (level 4, -1/29 HPs)
             Began as an Octopode Arcane Marksman on Dec 2, 2021.
             Slain by an orc priest (5 damage)
             ... on level 2 of the Dungeon.
             The game lasted 00:04:17 (1879 turns).

petzl the Vexing (Octopode Arcane Marksman)         Turns: 1879, Time: 00:04:17

Health: -1/29      AC:  1    Str:  9    XL:     4   Next: 71%
Magic:  6/6        EV: 13    Int: 17    God:
Gold:   46         SH:  0    Dex: 12    Spells: 5/6 levels left

rFire   . . .      SeeInvis .   b - +0 short sword
rCold   . . .      Faith    .   (no shield)
rNeg    . . .      Spirit   .   (helmet restricted)
rPois   .          Reflect  .   (no amulet)
rElec   .          Harm     .   (no ring)
rCorr   .          Rampage  .   (no ring)
Will    .....                   (no ring)
Stlth   +++.......              (no ring)
HPRegen 0.09/turn               (no ring)
MPRegen 0.10/turn               (no ring)
                                (no ring)
                                (no ring)

@: no status effects
A: almost no armour, amphibious, 8 rings, camouflage 1, gelatinous body 1,
(nimble swimmer 1), tentacles
a: no special abilities


You were on level 2 of the Dungeon.
You visited 1 branch of the dungeon, and saw 2 of its levels.

You collected 46 gold pieces.

Inventory:

Hand Weapons
 a - a +0 hand crossbow
 b - a +0 short sword (weapon)
Missiles
 c - 11 bolts
Jewellery
 h - a ring of ice
Scrolls
 d - a scroll of enchant weapon {unknown}
 e - a scroll of magic mapping {unknown}
 f - 4 scrolls of identify {unknown}
Potions
 g - a potion of flight {unknown}


   Skills:
 + Level 2.1 Fighting
 + Level 2.7 Crossbows
 + Level 2.7 Dodging
 + Level 2.3 Stealth
 + Level 1.9 Spellcasting
 - Level 3.0 Hexes


You had 5 spell levels left.
You knew the following spells:

 Your Spells              Type           Power      Damage    Failure   Level
a - Slow                  Hex            44%        N/A       6%          1

Your spell library contained the following spells:

 Spells                   Type           Power      Damage    Failure   Level
 Foxfire                  Conj/Fire      4%         2x1d4     21%         1
 Inner Flame              Hex/Fire       6%         N/A       32%         3
 Portal Projectile        Hex/Tloc       12%        N/A       32%         3
 Cause Fear               Hex            5%         N/A       50%         4
 Conjure Flame            Conj/Fire      1%         6-21      52%         3
 Flame Wave               Conj/Fire      1%         2d4       89%         4


Dungeon Overview and Level Annotations

Branches:
Dungeon (2/15)

Altars:


Innate Abilities, Weirdness & Mutations

You cannot wear most types of armour.
You are amphibious.
You can wear up to eight rings at the same time.
Your skin changes colour to match your surroundings (Stealth+).
Your rubbery body absorbs attacks. (AC +1, EV +1)
((You are camouflaged near water. (Stealth+)))
You have tentacles for arms and can constrict up to eight enemies at once.


Message History

The jackal bites you.
The orc priest shouts!
You see here a ball python corpse.
The orc priest closely misses you.
The orc priest hits you with a +0 trident!
You barely miss the orc priest. Your grab misses the orc priest.
You squeeze the orc priest, but do no damage.
The jackal misses you. The orc priest closely misses you.
You hit the orc priest but do no damage.
Your grab misses the orc priest.
The jackal bites you but does no damage.
The orc priest hits you with a +0 trident.
The jackal misses you.
You closely miss the orc priest. Your grab misses the orc priest.
The jackal closely misses you. The orc priest completely misses you.
The jackal closely misses you.
You hit the orc priest. Your grab misses the orc priest.
The orc priest is moderately wounded.
The orc priest hits you with a +0 trident.
* * * LOW HITPOINT WARNING * * *
The jackal bites you.
* * * LOW HITPOINT WARNING * * *
The orc priest barely misses you.
Unknown command.
Okay, then.
Unknown command.
Unknown command.
Unknown command.
Casting: Slow (safe; 6% risk of failure)
Confirm with . or Enter, or press ? or * to list all spells.
Okay, then.
Unknown command.
Unknown command.
Unknown command.
You hit the orc priest but do no damage.
You grab the orc priest. You squeeze the orc priest.
The orc priest is severely wounded.
You constrict the orc priest, but do no damage.
The jackal closely misses you.
The orc priest hits you with a +0 trident.
You die...

##### #### # <...###########...###
. ..####### ##.........#........ .
#.......# ##...##.......†....# .
#######.# #...ohhh###........# .
#)# # ##..@#### #.......## # #.#
#.##...# #.#.##### #.#
#......######.#.#
#####.#########).........#.#
#.........# ####.########+##
#.#.#.###.# #........###...##
#.#.#.# #.# #.##.###.##.....##
#.....# #.# #.#..# #.#.......##
####..#..###.####....###..........#
.... #...)...........).).........+
##.#####.##.####....###.........[#
#...#......# #...## #.#.......##
####.#.#####............##.....##
##............####.#########...## #
#..#########..# #.# ##+## # #.##
... .# #.# # #.# ..#. .# #.. ##
##.#$.... .###..#o.o...


You could see an orc priest and 3 jackals.

Vanquished Creatures
  2 orc priests (D:2)
  A worm (D:2)
  2 orcs (D:2)
  3 bats
  5 endoplasms
  A giant cockroach (D:2)
  3 goblins (D:1)
  2 jackals (D:1)
  A quokka (D:2)
  6 ball pythons
  3 frilled lizards
  2 kobolds (D:2)
  5 rats
36 creatures vanquished.

Vanquished Creatures (others)
  A fungus (D:1)
  A plant (D:1)
2 creatures vanquished.

Grand Total: 38 creatures vanquished

Notes
Turn   | Place    | Note
-------+----------+-------------------------------------------
     0 | D:1      | petzl the Octopode Arcane Marksman began the quest for the
                  | Orb.
     0 | D:1      | Reached XP level 1. HP: 13/13 MP: 2/2
   123 | D:1      | Reached XP level 2. HP: 18/18 MP: 3/3
   133 | D:1      | Reached skill level 1 in Stealth
   869 | D:1      | Found a faded altar of an unknown god.
   977 | D:2      | Reached XP level 3. HP: 21/23 MP: 5/5
  1557 | D:2      | Reached XP level 4. HP: 28/29 MP: 6/6
  1879 | D:2      | Slain by an orc priest

Illustrated notes

Levels and vault maps discovered:
D:1:      dpeg_arrival_long_road, layout_basic, shapermc_ecumenical_altar_petra,
          serial_forest, infiniplex_forest_straight_2,
          infiniplex_forest_straight_4, infiniplex_forest_diagonal,
          infiniplex_forest_clump_double, infiniplex_forest_lined_2,
          infiniplex_forest_clump_diagonal, infiniplex_forest_clump_C
D:2:      cheibrodos_pilgrimage, layout_loops_corners, grunt_decor_clamped

Skill      XL: |  1  2  3  4 |
---------------+-------------+-----
Stealth        | 1 2 |  2.3
Fighting       | 2 |  2.1
Crossbows      | |  2.7
Dodging        | |  2.7
Spellcasting   | |  1.9
Hexes          | |  3.0

Action                   |  1- 3 |  4- 6 || total
-------------------------+-------+-------++-------
Melee: Short sword       |    33 |    25 ||    58
       Constrict         |     8 |     5 ||    13
       Tentacles         |     3 |     4 ||     7
 Fire: Hand crossbow     |    57 |     4 ||    61
 Stab: Sleeping          |       |     1 ||     1
Armor: Skin              |     2 |     1 ||     3
Dodge: Dodged            |    34 |    22 ||    56

Table legend: (Time is in decaauts)
 A = Elapsed time spent in this place.
 B = Non-inter-level travel time spent in this place.
 C = Inter-level travel time spent in this place.
 D = Time resting spent in this place.
 E = Time spent auto-exploring this place.
 F = Levels seen in this place.
 G = Mean time per level.
                   A        B        C        D        E       F      G
               +--------+--------+--------+--------+--------+-----+--------+
         Total |   1904 |   1815 |     89 |    475 |    934 |   2 |  952.0 |
       Dungeon |   1904 |   1815 |     89 |    475 |    934 |   2 |  952.0 |
               +--------+--------+--------+--------+--------+-----+--------+

Top non-repeatable levels by time:
     D:2: 979 daAuts
     D:1: 925 daAuts
